 Dungeon Crawl Stone Soup version 0.25-a0-930-g9f5dfa9815 (webtiles) character file.

Game seed: 10068428736597599338, levelgen mode: classic

51 Amnesiac the Chiller (level 3, -24/26 HPs)
             Began as a Ghoul Ice Elementalist on May 4, 2020.
             Annihilated by an ogre
             ... wielding a +0 giant club
              (29 damage)
             ... on level 4 of the Dungeon.
             The game lasted 00:02:28 (822 turns).

Amnesiac the Chiller (Ghoul Ice Elementalist)        Turns: 822, Time: 00:02:29

Health: -24/26     AC:  2    Str: 11    XL:     3   Next: 81%
Magic:  0/5        EV: 12    Int: 11    God:
Gold:   90         SH:  0    Dex:  9    Spells: 2/6 levels left

rFire    . . .     SeeInvis .   b - +1 dagger (elec)
rCold    + . .     Gourm    .   (no shield)
rNeg     + + +     Faith    .   a - +0 robe
rPois    ∞         Spirit   .   (no helmet)
rElec    .         Reflect  .   (no cloak)
rCorr    .         Harm     .   (no gloves)
MR       .....                  (no boots)
Stlth    ++........             (no amulet)
HPRegen  0.00/turn              (no ring)
MPRegen  0.09/turn              (no ring)

@: frozen ramparts, rotting
A: rotting body, claws 1, carnivore, cold resistance 1, negative energy
resistance 3, inhibited regeneration, torment resistance, unbreathing
a: no special abilities


You were on level 4 of the Dungeon.
You were not hungry.

You visited 1 branch of the dungeon, and saw 4 of its levels.

You collected 90 gold pieces.

Inventory:

Hand Weapons
 b - a +1 dagger of electrocution (weapon)
Missiles
 g - 31 stones (quivered)
Armour
 a - a +0 robe (worn)
Scrolls
 e - a scroll of identify {!r, unknown}
 f - a scroll of enchant weapon {!r, unknown}
 i - a scroll of remove curse {!r, unknown}
 j - a scroll of immolation {!r, unknown}
Potions
 d - a potion of heal wounds {!q, unknown}
Comestibles
 c - a ration
 h - a chunk of flesh


   Skills:
 - Level 1.7 Dodging
 - Level 2.1 Stealth
 + Level 2.4 Spellcasting
 * Level 5.4 Ice Magic


You had 2 spell levels left.
You knew the following spells:

 Your Spells              Type           Power        Failure   Level  Hunger
a - Freeze                Ice            ##..         3%          1    ##.....
b - Frozen Ramparts       Ice            ##....       9%          3    ####...

Your spell library contained the following spells:

 Spells                   Type           Power        Failure   Level  Hunger
 Ozocubu's Armour         Chrm/Ice       #.......     28%         3    ####...
 Hailstorm                Conj/Ice       #.......     67%         4    #####..
 Summon Ice Beast         Ice/Summ       #.......     67%         4    #####..


Dungeon Overview and Level Annotations

Branches:
Dungeon (4/15)
 Temple: D:4-7

Altars:
Cheibriados
Elyvilon


Innate Abilities, Weirdness & Mutations

Your body is rotting away.
You thrive on raw meat.
You are immune to poison.
You have sharp fingernails.
You are carnivorous and can eat meat at any time.
Your flesh is cold resistant. (rC+)
You are immune to negative energy. (rN+++)
You do not regenerate when monsters are visible.
You are immune to unholy pain and torment.
You can survive without breathing.


Message History

You start memorising the spell.
You continue memorising. x3
You finish memorising.
Spell assigned to 'b'.
Okay, then.
You start resting.
The jackal is too close now for your liking.
The jackal barks!
Casting: Freeze (safe; 3% risk of failure)
Confirm with . or Enter, or press ? or * to list all spells.
You can't see any susceptible monsters within range! (Use Z to cast anyway.)
You see here a leopard gecko skeleton.
Casting: Freeze (safe; 3% risk of failure)
Confirm with . or Enter, or press ? or * to list all spells.
You can't see any susceptible monsters within range! (Use Z to cast anyway.)
The jackal misses you.
Casting: Freeze (safe; 3% risk of failure)
Confirm with . or Enter, or press ? or * to list all spells.
Aiming: Freeze (safe; 3% risk of failure)
Press: ? - help, Shift-Dir - straight line, f - jackal
Aim: a jackal You freeze the jackal.
The jackal is severely wounded.
The jackal bites you but does no damage.
An ogre comes into view. It is wielding a +0 giant club.
You miss the jackal.
The jackal is heavily wounded.
The jackal closely misses you.
Casting: Freeze (safe; 3% risk of failure)
Confirm with . or Enter, or press ? or * to list all spells.
Aiming: Freeze (safe; 3% risk of failure)
Press: ? - help, Shift-Dir - straight line, f/p - jackal
Aim: a jackal (heavily wounded)
You freeze the jackal.
You kill the jackal!
The ogre shouts!
A worker ant comes into view.
You see here a leopard gecko skeleton.
Things that are here:
a +0 hand axe; a +0 leather armour
Casting: Freeze (safe; 3% risk of failure)
Confirm with . or Enter, or press ? or * to list all spells.
The spell is quite dangerous to cast (11% risk of failure)!
Continue anyway?
The walls around you are covered in ice.
The wall freezes the ogre.
The wall freezes the worker ant.
The wall freezes the ogre.
The wall freezes the worker ant.
The wall freezes the ogre.
The wall freezes the worker ant.
The wall freezes the ogre.
The wall freezes the worker ant. x2; The wall freezes the ogre.
There is a stone staircase leading up here.
You swing at nothing.
The wall freezes the worker ant.
You swing at nothing.
The wall freezes the ogre.
The wall freezes the worker ant.
You kill the worker ant!
You hit the ogre.
The ogre is heavily wounded.
The wall freezes the ogre.
The ogre hits you with a +0 giant club!!
Ouch! That really hurt!
* * * LOW HITPOINT WARNING * * *
You barely miss the ogre.
The ogre is severely wounded.
The wall freezes the ogre.
The ogre hits you with a +0 giant club!!
Ouch! That really hurt!
You die... ################## #@O......).÷...... ##################

You could see an ogre.

Vanquished Creatures
  A worker ant (D:4)
  3 leopard geckos
  An orc (D:4)
  A giant cockroach (D:4)
  A goblin (D:3)
  4 hobgoblins
  4 jackals
  A quokka (D:2)
  2 bats
  A kobold (D:1)
  2 rats (D:1)
21 creatures vanquished.

Notes
Turn   | Place    | Note
-------+----------+-------------------------------------------
     0 | D:1      | Amnesiac the Ghoul Ice Elementalist began the quest for the
                  | Orb.
     0 | D:1      | Reached XP level 1. HP: 14/14 MP: 2/2
   510 | D:2      | Reached XP level 2. HP: 20/20 MP: 2/4
   530 | D:2      | Found a white marble altar of Elyvilon.
   596 | D:2      | Found a snail-covered altar of Cheibriados.
   680 | D:4      | Reached skill level 5 in Ice Magic
   754 | D:4      | Reached XP level 3. HP: 15/26 MP: 1/5
   777 | D:4      | Learned a level 3 spell: Frozen Ramparts
   802 | D:4      | Noticed an ogre
   822 | D:4      | Annihilated by an ogre

Levels and vault maps discovered:
D:1:      psy_arrival_radial02, layout_loops_corners
D:2:      minmay_roachtagon, layout_rooms, lemuel_round_altar, elyvilon_altar_4,
          first_ration, supply_closet_lemuel
D:3:      layout_rooms, chequers_temple_overflow_statue_of_worship,
          kennysheep_generic_room_13
D:4:      layout_basic, minmay_temple_entry_waves, lemuel_angel_altar, uniq_ijyb

Skill      XL: |  1  2 |
---------------+-------+-----
Spellcasting   | 2 |  2.4
Ice Magic      | 5 |  5.4
Dodging        | |  1.7
Stealth        | |  2.1

Action                   || total
-------------------------++-------
Melee: Dagger            ||    10
       Unarmed           ||     7
 Cast: Freeze            ||    28
       Frozen Ramparts   ||     1
  Use: Scroll            ||     1
 Stab: Sleeping          ||     1
  Eat: Chunk             ||    10
Armor: Robe              ||    23
Dodge: Dodged            ||    52

Table legend:
 A = Non-vault XP
 B = Vault XP
 C = Vault XP percentage of total XP
 D = Non-vault monster count
 E = Vault monster count
 F = Vault count percentage of total count
                 A         B        C        D         E       F
            +---------+---------+-------+---------+---------+-------
      Total |      71 |       2 |   2.7 |      20 |       1 |   4.8
            +---------+---------+-------+---------+---------+-------
        D:1 |       9 |       0 |   0.0 |       6 |       0 |   0.0
        D:2 |      11 |       2 |  15.4 |       5 |       1 |  16.7
        D:3 |       4 |       0 |   0.0 |       2 |       0 |   0.0
        D:4 |      47 |       0 |   0.0 |       7 |       0 |   0.0
            +---------+---------+-------+---------+---------+-------
